 Dungeon Crawl Stone Soup version 0.22-a0-373-gab1296c (webtiles) character file.

3582 freediamonds the Magician (level 10, -5/77 HPs)
             Began as a Gnoll Skald on Apr 25, 2018.
             Was a Believer of Wu Jian.
             Slain by a troll (10 damage)
             ... on level 9 of the Dungeon.
             The game lasted 00:50:00 (7383 turns).

freediamonds the Magician (Gnoll Skald)             Turns: 7383, Time: 00:50:01

Health: -5/77      AC: 13    Str: 17    XL:     10   Next: 10%
Magic:  20/20      EV: 13    Int: 15    God:    Wu Jian [**....]
Gold:   427        SH:  6    Dex: 15    Spells: 11/23 levels left

rFire    . . .     SeeInvis +   k - +1 hand axe (vamp)
rCold    + . .     Gourm    .   p - +1 buckler
rNeg     . . .     Faith    .   y - +3 scale mail {rC+}
rPois    .         Spirit   .   (no helmet)
rElec    .         Reflect  .   e - +2 cloak {MR+}
rCorr    .         Harm     .   (no gloves)
MR       +....                  (no boots)
Stlth    +++.......             m - amulet of the acrobat
HPRegen  0.22/turn              i - ring of stealth
MPRegen  0.17/turn              b - ring of see invisible

@: no status effects
A: distributed training, fangs 1, strong nose
a: Wall Jump, Renounce Religion


You were on level 9 of the Dungeon.
You worshipped Wu Jian.
Wu Jian was pleased with you.
You were not hungry.

You visited 2 branches of the dungeon, and saw 10 of its levels.
You also visited: Ossuary.

You collected 427 gold pieces.

Inventory:

Hand Weapons
 k - a +1 vampiric hand axe (weapon)
Armour
 e - a +2 cloak of magic resistance (worn)
 p - a +1 buckler (worn)
 y - a +3 scale mail of cold resistance (worn)
Jewellery
 b - a ring of see invisible (right hand)
 i - a ring of stealth (left hand)
 m - an amulet of the acrobat (around neck)
Scrolls
 a - 4 scrolls of identify
 f - 2 scrolls of remove curse
 j - a scroll of magic mapping
 o - 5 scrolls of teleportation
 u - 2 scrolls of amnesia
Potions
 c - 8 potions of curing
 g - a potion of agility
 n - a potion of flight
 q - 3 potions of magic
 r - 2 potions of berserk rage {unknown}
 s - 3 potions of brilliance {unknown}
 t - 2 potions of haste {unknown}
 w - a potion of degeneration {unknown}
 A - a potion of resistance
Comestibles
 d - 4 rations


   Skills:
 + Level 6.7 Fighting
 + Level 4.8 Short Blades
 + Level 6.7 Long Blades
 + Level 4.8 Axes
 + Level 4.8 Maces & Flails
 + Level 4.8 Polearms
 + Level 4.8 Staves
 + Level 4.8 Slings
 + Level 4.8 Bows
 + Level 4.8 Crossbows
 + Level 4.8 Throwing
 + Level 5.5 Armour
 + Level 6.7 Dodging
 + Level 4.8 Stealth
 + Level 4.8 Shields
 + Level 4.8 Unarmed Combat
 + Level 7.0 Spellcasting
 + Level 4.0 Conjurations
 + Level 4.0 Hexes
 + Level 6.8 Charms
 + Level 4.0 Summonings
 + Level 4.0 Necromancy
 + Level 4.0 Translocations
 + Level 4.0 Transmutations
 + Level 4.0 Fire Magic
 + Level 4.0 Ice Magic
 + Level 4.0 Air Magic
 + Level 4.0 Earth Magic
 + Level 4.0 Poison Magic
 + Level 5.3 Invocations
 + Level 4.8 Evocations


You had 11 spell levels left.
You knew the following spells:

 Your Spells              Type           Power        Failure   Level  Hunger
a - Venom Bolt            Conj/Pois      ###.......   91%         5    #####..
b - Regeneration          Chrm/Necr      ###.......   13%         3    ##.....
c - Spectral Weapon       Hex/Chrm       ###.....     13%         3    ##.....
d - Sting                 Conj/Pois      ###.         8%          1    None


Dungeon Overview and Level Annotations

Branches:
Dungeon (9/15)             Temple (1/1) D:5
   Lair: D:8-11         Orc: D:9-12

Altars:
Gozag
Okawaru
Ru
Wu Jian

Shops:
D:9 }


Innate Abilities, Weirdness & Mutations

Your experience applies equally to all skills.
You have very sharp teeth.
Your uncanny sense of smell can sniff out nearby items.


Message History

* * * LOW HITPOINT WARNING * * *
The troll claws you but does no damage.
You barely miss the troll.
The troll is severely wounded.
You block the troll's attack.
The troll claws you but does no damage. x2
You hit the troll.
You feel better.
The troll is severely wounded.
The troll bites you!
* * * LOW HITPOINT WARNING * * *
The troll claws you but does no damage. The troll claws you.
* * * LOW HITPOINT WARNING * * *
You hit the troll.
The troll is almost dead.
The troll bites you!
* * * LOW HITPOINT WARNING * * *
The troll barely misses you. x2
You closely miss the troll.
The troll is severely wounded.
The troll bites you but does no damage. The troll claws you!
You die...

#... #.......# #...
.#.......# +...
'.......########...
#####.......
..........
#..........
..........
#........# #####...#
#........# #...#
#.....@T.# #...#
..........# #...#
..........# #...#
..........## #...#
##+##......# #)..#
#......# #######...#
#......###.........#
#....<.............#
#..................#


You could see a troll.

Vanquished Creatures
  Grinder (D:3)
  A hippogriff (D:9)
  An orc warrior (D:7)
  3 ice beasts
  A black bear (D:3)
  2 ogres
  A wolf (D:9)
  A centaur (D:7)
  2 phantoms
  The ghost of Sabo the Covered, an amateur DsWn (D:3)
  A crocodile (D:7)
  2 elf zombies (Ossuary)
  2 bullfrogs
  A scorpion (D:7)
  A killer bee (D:9)
  2 howler monkeys
  2 crimson imps
  2 centaur zombies
  A human zombie (Ossuary)
  A hound (D:4)
  2 jellies
  7 orc priests
  A centaur skeleton (D:5)
  5 orc wizards
  Crazy Yiuf (D:3)
  2 bullfrog skeletons (D:6)
  2 iguanas
  4 worker ants
  A killer bee zombie (D:6)
  2 big kobold zombies (Ossuary)
  5 hound zombies
  3 mummies (Ossuary)
  A worker ant zombie (D:5)
  2 gnolls (D:9)
  15 adders
  2 shadow imps
  3 oozes
  3 adder zombies (Ossuary)
  An adder skeleton (D:4)
  4 worms
  A dart slug (D:1)
  2 leopard geckos
  19 orcs
  8 giant cockroaches
  A gnoll zombie (Ossuary)
  11 goblins
  9 hobgoblins
  21 jackals
  A quokka (D:7)
  6 ball pythons (D:2)
  5 bats
  4 frilled lizards
  4 goblin zombies (Ossuary)
  6 hobgoblin zombies (Ossuary)
  3 jackal zombies (Ossuary)
  7 kobolds
  2 kobold zombies (Ossuary)
  2 leopard gecko skeletons
  5 quokka zombies
  6 rats
  A rat zombie (Ossuary)
219 creatures vanquished.

Vanquished Creatures (others)
  5 spectral weapons
5 creatures vanquished.

Grand Total: 224 creatures vanquished

Notes
Turn   | Place    | Note
-------+----------+-------------------------------------------
     0 | D:1      | freediamonds the Gnoll Skald began the quest for the Orb.
     0 | D:1      | Reached XP level 1. HP: 20/20 MP: 6/6
    77 | D:1      | Reached XP level 2. HP: 21/26 MP: 1/7
   359 | D:1      | Reached XP level 3. HP: 28/31 MP: 3/9
   364 | D:1      | Learned a level 3 spell: Regeneration
   368 | D:1      | Learned a level 3 spell: Spectral Weapon
   426 | D:1      | Reached skill level 5 in Spellcasting
   703 | D:2      | Reached skill level 1 in Invocations
   712 | D:2      | Reached skill level 1 in Short Blades
   712 | D:2      | Reached skill level 1 in Axes
   712 | D:2      | Reached skill level 1 in Maces & Flails
   712 | D:2      | Reached skill level 1 in Polearms
   712 | D:2      | Reached skill level 1 in Staves
   712 | D:2      | Reached skill level 1 in Slings
   712 | D:2      | Reached skill level 1 in Bows
   712 | D:2      | Reached skill level 1 in Crossbows
   712 | D:2      | Reached skill level 1 in Throwing
   712 | D:2      | Reached skill level 1 in Stealth
   712 | D:2      | Reached skill level 1 in Shields
   712 | D:2      | Reached skill level 1 in Unarmed Combat
   712 | D:2      | Reached skill level 1 in Evocations
   715 | D:2      | Reached XP level 4. HP: 32/38 MP: 6/11
  1036 | D:2      | Reached skill level 1 in Conjurations
  1036 | D:2      | Reached skill level 1 in Hexes
  1036 | D:2      | Reached skill level 1 in Summonings
  1036 | D:2      | Reached skill level 1 in Necromancy
  1036 | D:2      | Reached skill level 1 in Translocations
  1036 | D:2      | Reached skill level 1 in Transmutations
  1036 | D:2      | Reached skill level 1 in Fire Magic
  1036 | D:2      | Reached skill level 1 in Ice Magic
  1036 | D:2      | Reached skill level 1 in Air Magic
  1036 | D:2      | Reached skill level 1 in Earth Magic
  1036 | D:2      | Reached skill level 1 in Poison Magic
  1040 | D:2      | Reached XP level 5. HP: 35/43 MP: 9/12
  1718 | D:3      | Noticed Sabo's ghost (amateur DsWn)
  1732 | D:3      | Noticed Grinder
  1732 | D:3      | Paralysed by Grinder for 4 turns
  1737 | D:3      | Killed Sabo's ghost
  1737 | D:3      | Reached XP level 6. HP: 50/50 MP: 8/14
  1760 | D:3      | Reached skill level 5 in Fighting
  1760 | D:3      | Reached skill level 5 in Long Blades
  1760 | D:3      | Reached skill level 5 in Dodging
  1761 | D:3      | Paralysed by Grinder for 2 turns
  1769 | D:3      | Paralysed by Grinder for 7 turns
  1773 | D:3      | HP: 1/51 [Grinder (3)]
  2118 | D:3      | Found a runed door.
  2122 | D:3      | Noticed Crazy Yiuf
  2132 | D:3      | Killed Crazy Yiuf
  2219 | D:3      | Noticed a black bear
  2236 | D:3      | Killed a black bear
  2236 | D:3      | Reached XP level 7. HP: 16/56 MP: 15/15
  2458 | D:3      | Killed Grinder
  2973 | D:4      | Found a sand-covered staircase.
  2977 | Ossuary  | Entered an ossuary
  3095 | Ossuary  | Reached XP level 8. HP: 60/63 MP: 6/16
  3754 | D:5      | Entered Level 5 of the Dungeon
  3867 | D:5      | Reached skill level 6 in Spellcasting
  4476 | D:5      | Found a staircase to the Ecumenical Temple.
  4504 | Temple   | Entered the Ecumenical Temple
  4529 | Temple   | Became a worshipper of the Wu Jian Council
  4899 | D:6      | Learned a level 5 spell: Venom Bolt
  4901 | D:6      | Learned a level 1 spell: Sting
  5037 | D:6      | Reached XP level 9. HP: 27/69 MP: 18/18
  5051 | D:6      | HP: 3/103 [orc priest/divine providence (12)]
  5559 | D:6      | Found a sacrificial altar of Ru.
  5936 | D:7      | Reached * piety under Wu Jian
  5974 | D:7      | Reached skill level 5 in Armour
  6637 | D:8      | HP: 3/71 [gnoll/halberd (1)]
  6638 | D:8      | HP: 1/71 [orc warrior/halberd of chopping (2)]
  7039 | D:9      | Found Uforoen's Gadget Emporium.
  7062 | D:9      | Reached skill level 5 in Invocations
  7125 | D:9      | Reached XP level 10. HP: 47/77 MP: 20/20
  7165 | D:9      | Reached skill level 7 in Spellcasting
  7268 | D:9      | Reached ** piety under Wu Jian
  7383 | D:9      | Slain by a troll

Vault maps used:
D:1:      onia_arrival_pyramid, hangedman_decor_push, nrook_uturn
D:2:      minmay_snake_closets
D:3:      nicolae_overflow_hidden_temple, feat_on_display, uniq_grinder,
          uniq_crazy_yiuf_cottage
D:4:      lightli_ossuary_entry_decrepit_ruins
D:5:      temple_statues, first_ration
D:6:      kennysheep_doodads, nicolae_ru_the_path_less_chosen
D:8:      grunt_livestock
D:9:      erik_lair_island, orc_0_dummy, serial_shops, shop_fountains
Temple:   roderic_octagonal_lattice_temple
Ossuary:  minmay_ossuary_two_tombs

Skill      XL: |  1  2  3  4  5  6  7  8  9 10 |
---------------+-------------------------------+-----
Spellcasting   | 5 6 7 |  7.0
Invocations    | 1 2 3 4 5 |  5.3
Short Blades   | 1 2 3 4 |  4.8
Axes           | 1 2 3 4 |  4.8
Maces & Flails | 1 2 3 4 |  4.8
Polearms       | 1 2 3 4 |  4.8
Staves         | 1 2 3 4 |  4.8
Slings         | 1 2 3 4 |  4.8
Bows           | 1 2 3 4 |  4.8
Crossbows      | 1 2 3 4 |  4.8
Throwing       | 1 2 3 4 |  4.8
Stealth        | 1 2 3 4 |  4.8
Shields        | 1 2 3 4 |  4.8
Unarmed Combat | 1 2 3 4 |  4.8
Evocations     | 1 2 3 4 |  4.8
Conjurations   | 1 2 3 4 |  4.0
Hexes          | 1 2 3 4 |  4.0
Summonings     | 1 2 3 4 |  4.0
Necromancy     | 1 2 3 4 |  4.0
Translocations | 1 2 3 4 |  4.0
Transmutations | 1 2 3 4 |  4.0
Fire Magic     | 1 2 3 4 |  4.0
Ice Magic      | 1 2 3 4 |  4.0
Air Magic      | 1 2 3 4 |  4.0
Earth Magic    | 1 2 3 4 |  4.0
Poison Magic   | 1 2 3 4 |  4.0
Armour         | 3 4 5 |  5.5
Fighting       | 5 6 |  6.7
Long Blades    | 5 6 |  6.7
Dodging        | 5 6 |  6.7
Charms         | 6 |  6.8

Action                   |  1- 3 |  4- 6 |  7- 9 | 10-12 || total
-------------------------+-------+-------+-------+-------++-------
Melee: Falchion          |    54 |   175 |   230 |       ||   459
       Bite              |     4 |    22 |   104 |    10 ||   140
       Hand axe          |       |       |   415 |   101 ||   516
       War axe           |       |       |    46 |       ||    46
Throw: Throwing net      |     1 |     2 |       |       ||     3
       Javelin           |       |       |     7 |       ||     7
 Cast: Infusion          |     2 |       |       |       ||     2
       Spectral Weapon   |     2 |     5 |    19 |     3 ||    29
       Regeneration      |     1 |     2 |     5 |       ||     8
       Sting             |       |       |     3 |       ||     3
Invok: Lunge             |       |       |    12 |     7 ||    19
       Whirlwind         |       |       |     5 |    18 ||    23
       Wall Jump         |       |       |       |     4 ||     4
  Use: Potion            |     1 |     6 |     6 |       ||    13
       Scroll            |       |     9 |    10 |     1 ||    20
 Stab: Sleeping          |     1 |    12 |     9 |     1 ||    23
       Distracted        |       |       |     2 |       ||     2
  Eat: Ration            |       |     2 |     7 |       ||     9
Armor: Leather armour    |     8 |    10 |       |       ||    18
       Skin              |    43 |    68 |    39 |       ||   150
       Ring mail         |       |    22 |    61 |       ||    83
       Scale mail        |       |       |   158 |    49 ||   207
Dodge: Dodged            |    50 |   123 |   359 |    69 ||   601
Block: Buckler           |       |    34 |   160 |    35 ||   229
       Rpst.: Falchion   |    18 |    28 |    42 |       ||    88

Table legend:
 A = Spawn XP
 B = Non-spawn XP
 C = Spawn XP percentage of total XP
 D = Spawn monster count
 E = Non-spawn monster count
 F = Spawn count percentage of total count
 G = Total turns spent on level
                    A         B        C        D         E        F      G
               +---------+---------+-------+---------+---------+-------+---------
         Total |       0 |    5118 |   0.0 |       0 |     219 |   0.0 |  7383
               +---------+---------+-------+---------+---------+-------+---------
           D:1 |       0 |      53 |   0.0 |       0 |      24 |   0.0 |   694
           D:2 |       0 |     220 |   0.0 |       0 |      37 |   0.0 |   796
           D:3 |       0 |     634 |   0.0 |       0 |      21 |   0.0 |  1137
           D:4 |       0 |     130 |   0.0 |       0 |      11 |   0.0 |   716
           D:5 |       0 |     617 |   0.0 |       0 |      25 |   0.0 |   950
           D:6 |       0 |     611 |   0.0 |       0 |      20 |   0.0 |  1109
           D:7 |       0 |    1003 |   0.0 |       0 |      23 |   0.0 |   736
           D:8 |       0 |     241 |   0.0 |       0 |       8 |   0.0 |   449
           D:9 |       0 |    1100 |   0.0 |       0 |      13 |   0.0 |   344
       Ossuary |       0 |     509 |   0.0 |       0 |      37 |   0.0 |   411
               +---------+---------+-------+---------+---------+-------+---------
